 Dungeon Crawl Stone Soup version 0.18-a0-1577-gf591c28 (webtiles) character file.

38 M4edhros the Scratcher (level 3, -1/17 HPs)
             Began as a Felid Chaos Knight on Mar 23, 2016.
             Slain by a shadow (6 damage)
             ... summoned by the capriciousness of Xom
             ... on level 1 of the Dungeon.
             The game lasted 00:02:20 (4724 turns).

M4edhros the Scratcher (Felid Chaos Knight)         Turns: 4724, Time: 00:02:20

Health: -1/17      AC:  1    Str:  8    XL:     3   Next: 25%
Magic:  4/4        EV: 18    Int: 14    God:    Xom [...*..]
Gold:   17         SH:  0    Dex: 15    Spells: 0 memorised, 2 levels left
                                        Lives:  0   Deaths: 0

rFire  . . .     SeeInvis +       - Unarmed
rCold  . . .     Gourm    +     (armour unavailable)
rNeg   . . .     Faith    .     (shield unavailable)
rPois  .         Spirit   .     (helmet unavailable)
rElec  .         Dismiss  .     (cloak unavailable)
rCorr  .         Reflect  .     (gloves unavailable)
SustAt .         Harm     .     (boots unavailable)
MR     .....                    c - amulet of the gourmand
Stlth  +++.......               (no ring)
                                (no ring)

@: quick, not resistant to hostile enchantments, fairly stealthy
A: no armour, no weapons or thrown items, claws 1, fangs 3, see invisible,
carnivore 3, speed 1, shaggy fur 1, slow metabolism 1, sharp paws
a: Renounce Religion


You were on level 1 of the Dungeon.
You worshipped Xom.
You were a favourite toy of Xom.
You were full.

You visited 1 branch of the dungeon, and saw 1 of its levels.

You collected 17 gold pieces.

Inventory:

Jewellery
 c - an amulet of the gourmand (around neck)
Potions
 b - a potion of curing
Comestibles
 a - a meat ration


   Skills:
 - Level 3.0 Fighting
 + Level 3.7 Dodging
 + Level 2.3 Stealth
 * Level 3.7 Unarmed Combat


You had 2 spell levels left.
You didn't know any spells.

Dungeon Overview and Level Annotations

Branches:
Dungeon (1/15)

Altars:


Innate Abilities, Weirdness & Mutations

You cannot wear armour.
You are incapable of wielding weapons or throwing items.
You have sharp claws.
You have razor-sharp teeth.
You have supernaturally acute eyesight.
You are carnivorous and can eat meat at any time.
You cover ground quickly.
You are covered in fur (AC +1).
You have a slow metabolism.
Your sharp claws are effective at attacking unaware monsters.


Message History

You start resting.
You hear Xom's maniacal laughter.
Flickering shadows surround you.
You are now a favourite toy of Xom.
There are monsters nearby!
There are monsters nearby!
You aren't carrying any spellbooks or scrolls.
Drink which item? (? for menu, Esc to quit)
Okay, then.
You aren't carrying any items that can be evoked.
You aren't carrying any spellbooks or scrolls.
Okay, then.
You barely miss the shadow. You closely miss the shadow. The shadow hits you.
* * * LOW HITPOINT WARNING * * *
Unknown command.
You scratch the shadow.
The shadow is lightly damaged.
The shadow hits you.
You die...

#.##########.# #.#
#............# #.#
##################
#.# ...... #.#
###### #.# #.# #
#.#
#.#############.#
#...W@W.....)...#
#################


You could see 2 shadows.

Vanquished Creatures
  A dart slug (D:1)
  A giant gecko (D:1)
  2 giant cockroaches (D:1)
  5 goblins (D:1)
  5 hobgoblins (D:1)
  4 jackals (D:1)
  A quokka (D:1)
  5 bats (D:1)
  4 kobolds (D:1)
  3 rats (D:1)
31 creatures vanquished.

Notes
Turn   | Place    | Note
--------------------------------------------------------------
     0 | D:1      | M4edhros the Felid Chaos Knight began the quest for the Orb.
     0 | D:1      | Reached XP level 1. HP: 10/10 MP: 2/2
    73 | D:1      | XOM: harmless Air miscast
   512 | D:1      | XOM: colour smoke trail
   948 | D:1      | XOM: mild Air miscast
  1159 | D:1      | XOM: colour smoke trail
  1556 | D:1      | Reached skill level 1 in Stealth
  1915 | D:1      | XOM: 2-stop teleportation journey
  2325 | D:1      | XOM: 1-stop teleportation journey
  2370 | D:1      | Reached XP level 2. HP: 12/14 MP: 3/3
  2394 | D:1      | XOM: colour smoke trail
  2509 | D:1      | XOM: harmless Divn miscast
  2662 | D:1      | XOM: polymorph giant cockroach -> quokka
  2777 | D:1      | XOM: 3-stop teleportation journey
  2813 | D:1      | Reached XP level 3. HP: 9/17 MP: 4/4
  3190 | D:1      | XOM is BORED!
  3190 | D:1      | XOM: medium Erth miscast
  3396 | D:1      | XOM: mild Necr miscast
  3624 | D:1      | XOM: mild Trmt miscast
  4644 | D:1      | XOM: mild Summ miscast
  4721 | D:1      | XOM: medium Necr miscast
  4722 | D:1      | Noticed a shadow
  4722 | D:1      | Noticed a shadow
  4724 | D:1      | Slain by a shadow

Vault maps used:
D:1:      evilmike_arrival_run_for_it

Skill      XL: |  1  2 |
---------------+-------+-----
Stealth        | 1 2 |  2.3
Fighting       | |  3.0
Dodging        | |  3.7
Unarmed Combat | |  3.7

Action                   || total
-------------------------++-------
Melee: Unarmed           ||    84
  Use: Potion            ||     1
 Stab: Distracted        ||     1
       Sleeping          ||     1
  Eat: Chunk             ||    12
